 Dungeon Crawl Stone Soup version 0.20.0-8-g6b59dc7 (webtiles) character file.

162 IcySystem the Conjurer (level 5, -3/31 HPs)
             Began as an Octopode Wizard on May 30, 2017.
             Slain by a worker ant (8 damage)
             ... on level 4 of the Dungeon.
             The game lasted 00:10:11 (2876 turns).

IcySystem the Conjurer (Octopode Wizard)            Turns: 2876, Time: 00:10:11

Health: -3/31      AC:  1    Str:  6    XL:     5   Next: 43%
Magic:  1/9        EV: 13    Int: 22    God:
Gold:   163        SH:  0    Dex: 10    Spells: 4/10 levels left

rFire    . . .     SeeInvis .   e - +0 whip
rCold    . . .     Gourm    .   (no shield)
rNeg     . . .     Faith    .   a - +0 hat
rPois    .         Spirit   .   (no amulet)
rElec    .         Reflect  .   (no ring)
rCorr    .         Harm     .   (no ring)
MR       .....                  (no ring)
Stlth    +++.......             (no ring)
Regen    0.1/turn               (no ring)
MPRegen  0.2/turn               (no ring)
                                (no ring)
                                (no ring)

@: lethally poisoned (-3 -> -4), very slightly contaminated
A: almost no armour, stealthy swim, amphibious, 8 rings, constrict 8, camouflage
1, gelatinous body 1
a: no special abilities


You were on level 4 of the Dungeon.
You were hungry.

You visited 1 branch of the dungeon, and saw 4 of its levels.

You collected 163 gold pieces.

Inventory:

Hand Weapons
 e - a +0 whip (weapon)
Armour
 a - a +0 hat (worn)
Scrolls
 d - a scroll of fear {unknown}
 g - a scroll of immolation {unknown}
 k - a scroll of enchant armour {unknown}
 o - 3 scrolls of teleportation {unknown}
 q - 2 scrolls of enchant weapon {unknown}
 r - 5 scrolls of identify {unknown}
 u - a scroll of magic mapping {unknown}
 v - a scroll of noise {unknown}
 w - 2 scrolls of remove curse {unknown}
Potions
 i - a potion of cancellation {unknown}
 l - 2 potions of agility {unknown}
 m - a potion of magic {unknown}
 n - a potion of degeneration {unknown}
 p - 2 potions of curing {unknown}
 s - a potion of mutation {unknown}
Books
 b - a book of Minor Magic

   Spells                             Type                      Level
   a - Magic Dart                     Conjuration                  1
   b - Blink                          Translocation                2
   c - Call Imp                       Summoning                    2
   d - Slow                           Hexes                        2
   e - Conjure Flame                  Conjuration/Fire             3
   f - Mephitic Cloud                 Conjuration/Poison/Air       3
Comestibles
 c - a bread ration
 h - 5 fruits
 j - 3 royal jellies
 t - a meat ration


   Skills:
 - Level 2.0 Dodging
 - Level 2.6 Stealth
 - Level 3.0 Spellcasting
 + Level 5.1 Conjurations
   Level 1.0 Summonings
 - Level 1.0 Translocations


You had 4 spell levels left.
You knew the following spells:

 Your Spells              Type           Power        Failure   Level  Hunger
a - Magic Dart            Conj           ####         1%          1    None
b - Mephitic Cloud        Conj/Pois/Air  ##......     19%         3    ###....
c - Blink                 Tloc           N/A          12%         2    ##.....


Dungeon Overview and Level Annotations

Branches:
Dungeon (4/15)
 Temple: D:4-7

Altars:
Fedhas
Kikubaaqudgha

Annotations:
D:3 Rrauwl's ghost, amateur MiWn


Innate Abilities, Weirdness & Mutations

You cannot wear most types of armour.
You are very stealthy in the water. (Stealth+)
You are amphibious.
You can wear up to eight rings at the same time.
You can use your tentacles to constrict eight enemies at once.
Your skin changes colour to match your surroundings (Stealth+).
Your rubbery body absorbs attacks. (AC +1, EV +1)


Message History

You feel sick. The worker ant bites you.
Casting: Blink
Confirm with . or Enter, or press ? or * to list all spells.
You miscast Blink.
Nothing appears to happen.
The worker ant misses you.
Unknown command.
Unknown command.
You closely miss the worker ant. Your grab misses the worker ant.
The worker ant misses you. The ogre barely misses you.
The worker ant bites you!
You hit the worker ant but do no damage.
Your grab misses the worker ant.
You feel sick. The worker ant barely misses you.
You closely miss the worker ant. Your grab misses the worker ant.
The ogre barely misses you. The worker ant bites you!
* * * LOW HITPOINT WARNING * * *
You hit the worker ant. You grab the worker ant. You squeeze the worker ant.
The worker ant is moderately wounded.
You constrict the worker ant. The worker ant barely misses you.
The ogre barely misses you. The worker ant bites you!
You die...

###### #@O..##
#.a...#
###...## #
##...## ###..
#....##.... #
##.#....#
.>###.....####.
#..............
####..#.......#


You could see an ogre and a worker ant.

Vanquished Creatures
  Jessica (D:2)
  Terence (D:2)
  4 gnolls (D:3)
  2 adders
  A worm (D:2)
  An orc (D:3)
  11 goblins
  4 hobgoblins
  6 jackals
  A ball python (D:1)
  7 bats
  4 frilled lizards
  9 kobolds
  3 rats
55 creatures vanquished.

Notes
Turn   | Place    | Note
-------+----------+-------------------------------------------
     0 | D:1      | IcySystem the Octopode Wizard began the quest for the Orb.
     0 | D:1      | Reached XP level 1. HP: 11/11 MP: 4/4
   233 | D:1      | Reached skill level 2 in Conjurations
   233 | D:1      | Reached XP level 2. HP: 17/17 MP: 1/6
   720 | D:2      | Reached XP level 3. HP: 19/21 MP: 3/7
  1006 | D:2      | Reached skill level 3 in Conjurations
  1066 | D:2      | Found an ancient bone altar of Kikubaaqudgha.
  1068 | D:2      | Found a blossoming altar of Fedhas.
  1089 | D:2      | Learned a level 3 spell: Mephitic Cloud
  1092 | D:2      | Learned a level 2 spell: Blink
  1171 | D:2      | Noticed Terence
  1496 | D:2      | Killed Terence
  1496 | D:2      | Reached XP level 4. HP: 6/27 MP: 0/8
  1718 | D:2      | Noticed Jessica
  1731 | D:2      | Killed Jessica
  1731 | D:2      | Reached skill level 4 in Conjurations
  2112 | D:3      | Reached XP level 5. HP: 31/31 MP: 4/9
  2252 | D:3      | Reached skill level 5 in Conjurations
  2553 | D:3      | Noticed Rrauwl's ghost (amateur MiWn)
  2857 | D:4      | Noticed an ogre
  2876 | D:4      | Slain by a worker ant

Skill      XL: |  1  2  3  4  5 |
---------------+----------------+-----
Conjurations   | 2 3 4 5 |  5.1
Dodging        | |  2.0
Stealth        | |  2.6
Spellcasting   | |  3.0
Summonings     | |  1.0
Translocations | |  1.0

Action                   |  1- 3 |  4- 6 || total
-------------------------+-------+-------++-------
Melee: Whip              |    20 |    25 ||    45
       Constrict         |     6 |     5 ||    11
       Tentacles         |     6 |     4 ||    10
Throw: Tomahawk          |     8 |    14 ||    22
 Cast: Magic Dart        |    71 |    36 ||   107
       Mephitic Cloud    |     2 |     4 ||     6
       Blink             |     2 |     4 ||     6
 Stab: Confused          |     1 |       ||     1
  Eat: Chunk             |     2 |     4 ||     6
Armor: Skin              |       |     1 ||     1
Dodge: Dodged            |    15 |    26 ||    41
